 Dungeon Crawl Stone Soup version 0.23.0-33-g5e6c059 (webtiles) character file.

Game seed: 82813826535305271

564 dengdeng the Chopper (level 7, -3/61 HPs)
             Began as a Minotaur Berserker on Feb 26, 2019.
             Was an Elder of Trog.
             Slain by an orc warrior
             ... wielding a +0 war axe
              (20 damage)
             ... on level 5 of the Dungeon.
             The game lasted 00:12:09 (4317 turns).

dengdeng the Chopper (Minotaur Berserker)           Turns: 4317, Time: 00:12:09

Health: -3/61      AC: 10    Str: 22    XL:     7   Next: 10%
Magic:  6/6        EV:  4    Int:  4    God:    Trog [****..]
Gold:   173        SH: 13    Dex: 11    Spells: 6/6 levels left

rFire    . . .     SeeInvis .   t - +0 war axe
rCold    . . .     Gourm    .   q - +0 large shield
rNeg     . . .     Faith    .   n - +0 chain mail
rPois    .         Spirit   .   (helmet restricted)
rElec    .         Reflect  .   w - +0 cloak
rCorr    .         Harm     .   (no gloves)
MR       .....                  (no boots)
Stlth    ..........             (no amulet)
HPRegen  0.20/turn              (no ring)
MPRegen  0.10/turn              (no ring)

@: no status effects
A: retaliatory headbutt, horns 2
a: Berserk, Trog's Hand, Brothers in Arms, Renounce Religion


You were on level 5 of the Dungeon.
You worshipped Trog.
Trog was greatly pleased with you.
You were not hungry.

You visited 1 branch of the dungeon, and saw 5 of its levels.

You collected 173 gold pieces.

Inventory:

Hand Weapons
 t - a +0 war axe (weapon)
 v - a +2 quarterstaff of chaos
Missiles
 g - 211 stones (quivered)
Armour
 n - a +0 chain mail (worn)
 q - a +0 large shield (worn)
 w - a +0 cloak (worn)
Jewellery
 b - an uncursed amulet of the acrobat {unknown}
 d - an uncursed ring of protection from fire
 e - an uncursed ring of protection from magic {unknown}
 u - an uncursed ring of protection from fire
Wands
 s - a wand of acid (5)
Scrolls
 a - a scroll of immolation {unknown}
 h - 6 scrolls of identify {unknown}
 j - 2 scrolls of fear {unknown}
 k - 3 scrolls of remove curse
 l - a scroll of fog {unknown}
 o - 3 scrolls of blinking {unknown}
 p - a scroll of random uselessness {unknown}
 r - a scroll of magic mapping {unknown}
Potions
 i - a potion of brilliance {unknown}
 m - 4 potions of curing {unknown}
Comestibles
 c - 7 rations
 f - a chunk of flesh


   Skills:
 + Level 5.1 Fighting
 + Level 7.1 Axes
 + Level 0.5 Staves
 * Level 4.5 Armour
 + Level 3.2 Dodging
 + Level 0.5 Stealth
 + Level 2.2 Shields


You had 6 spell levels left.
You didn't know any spells.
Your spell library was empty.

Dungeon Overview and Level Annotations

Branches:
Dungeon (5/15)
 Temple: D:4-7

Altars:
Ashenzari
Gozag
Nemelex Xobeh
Okawaru
Qazlal
Ru
Trog
Wu Jian
Yredelemnul


Innate Abilities, Weirdness & Mutations

You reflexively headbutt those who attack you in melee.
You have a pair of horns on your head.


Message History

You kill the orc!
Trog accepts your kill.
The orc warrior hits you with a +0 war axe!
Something hits you but does no damage.
You slash something! You headbutt something. Trog accepts your kill.
Trog appreciates your killing of a magic user.
Reactivating autopickup.
Your Axes skill increases to level 7!
You feel a bit more experienced.
You barely miss the orc warrior.
The orc warrior hits you with a +0 war axe.
You block the orc warrior's attack.
You hit the orc warrior but do no damage.
You block the orc warrior's attack.
You hit the orc warrior but do no damage.
The orc warrior hits you with a +0 war axe!
* * * LOW HITPOINT WARNING * * *
You hit the orc warrior but do no damage.
The orc warrior hits you with a +0 war axe!!
You die...

♣♣♣♣..♣♣
♣♣..♣ ♣♣♣..♣♣
♣♣♣♣....♣
♣♣♣.....♣♣♣
♣♣....♣♣♣♣
♣♣♣♣...♣♣♣
♣.♣♣♣♣....♣♣♣
♣....@♣♣♣♣
♣♣♣♣)o)♣
♣...♣ .....
♣..♣♣♣♣ ..♣
♣♣♣ ###
#.#####


You could see an orc warrior.

Vanquished Creatures
  2 ice beasts (D:5)
  Crazy Yiuf (D:3)
  A hound (D:5)
  3 orc wizards
  A worker ant (D:5)
  Robin (D:3)
  4 gnolls
  3 adders
  3 oozes
  A worm (D:3)
  4 dart slugs
  3 leopard geckos
  8 orcs
  2 ball pythons
  A giant cockroach (D:1)
  23 goblins
  8 hobgoblins
  17 jackals
  A quokka (D:3)
  8 bats
  3 frilled lizards
  A jackal skeleton (D:5)
  10 kobolds
  6 rats
  A fungus (D:3)
116 creatures vanquished.

Notes
Turn   | Place    | Note
-------+----------+-------------------------------------------
     0 | D:1      | dengdeng the Minotaur Berserker began the quest for the
                  | Orb.
     0 | D:1      | Reached XP level 1. HP: 19/19 MP: 0/0
   122 | D:1      | Reached skill level 4 in Axes
   122 | D:1      | Reached XP level 2. HP: 27/27 MP: 1/1
   305 | D:1      | Reached XP level 3. HP: 23/33 MP: 2/2
   763 | D:1      | Reached ** piety under Trog
  1459 | D:2      | Reached XP level 4. HP: 41/41 MP: 3/3
  1498 | D:2      | Found a shattered altar of Ashenzari.
  1498 | D:2      | Found a basalt altar of Yredelemnul.
  1498 | D:2      | Found a stormy altar of Qazlal.
  1500 | D:2      | Found a sparkling altar of Nemelex Xobeh.
  1500 | D:2      | Found an iron altar of Okawaru.
  1500 | D:2      | Found a bloodstained altar of Trog.
  1500 | D:2      | Found an opulent altar of Gozag.
  1552 | D:2      | Reached skill level 5 in Axes
  2299 | D:2      | Reached XP level 5. HP: 44/47 MP: 4/4
  2323 | D:3      | Reached *** piety under Trog
  2334 | D:3      | Reached skill level 1 in Shields
  2649 | D:3      | Noticed Robin
  2660 | D:3      | Killed Robin
  3129 | D:3      | Reached XP level 6. HP: 55/55 MP: 5/5
  3268 | D:3      | Found a runed translucent door.
  3269 | D:3      | Noticed Crazy Yiuf
  3275 | D:3      | Killed Crazy Yiuf
  3275 | D:3      | Reached skill level 6 in Axes
  3759 | D:4      | Reached **** piety under Trog
  3998 | D:5      | Entered Level 5 of the Dungeon
  4050 | D:5      | Reached skill level 5 in Fighting
  4105 | D:5      | Found a sacrificial altar of Ru.
  4105 | D:5      | Found an ornate altar of the Wu Jian Council.
  4160 | D:5      | Noticed an ice beast
  4169 | D:5      | Killed an ice beast
  4296 | D:5      | Noticed an ice beast
  4303 | D:5      | Killed an ice beast
  4303 | D:5      | Reached XP level 7. HP: 45/61 MP: 6/6
  4314 | D:5      | Reached skill level 7 in Axes
  4317 | D:5      | Slain by an orc warrior

Skill      XL: |  1  2  3  4  5  6  7 |
---------------+----------------------+-----
Axes           | 4 5 6 7 |  7.1
Fighting       | 4 5 |  5.1
Armour         | 3 4 |  4.5
Dodging        | 3 |  3.2
Shields        | 1 2 |  2.2
Staves         | |  0.5
Stealth        | |  0.5

Action                   |  1- 3 |  4- 6 |  7- 9 || total
-------------------------+-------+-------+-------++-------
Melee: Hand axe          |   105 |    95 |       ||   200
       Headbutt          |    10 |    29 |     1 ||    40
       War axe           |       |    75 |    12 ||    87
       Quarterstaff      |       |     4 |       ||     4
Invok: Berserk           |       |     1 |       ||     1
  Use: Scroll            |       |     1 |       ||     1
 Stab: Sleeping          |     1 |       |       ||     1
  Eat: Chunk             |     2 |    10 |       ||    12
Armor: Animal skin       |    34 |     1 |       ||    35
       Chain mail        |       |   111 |     2 ||   113
Dodge: Dodged            |    88 |    35 |     1 ||   124
Block: Large shield      |       |   120 |    10 ||   130
